Match 42434725
Unlisted

Match 42434725
End
Kradschützen Motorcycle Team
250 Light Carrier
Selects Panzerjäger Kommand Battlegroup
Selects Blockade Equipment
Panzergrenadier Squad
Panzergrenadier Squad
Panzergrenadier Squad
Construct Light Support Kompanie
2.5-tonne Medical Truck
Panzerjäger Mechanized Group
Selects Tank Busters
Combat Half-tracks
Panzergrenadier Squad
Selects Defensive Positions
Selects Crew Shock Tactics
Selects Butterfly Bomb Drop
Butterfly Bomb Drop
Fire Support Elements
Construct Panzerarmee Kommand
Veteran Squad Leaders
Butterfly Bomb Drop
Panzerjäger Mechanized Group
Stepan Pantera
KoalaImpala
Tanith's Finest
Dante Alighieri
James_McLeod
Mercenary
0
0

Comments sign in to comment!

No comments posted yet!